 Dungeon Crawl Stone Soup version 0.23.2-30-g0e89c35649 (webtiles) character file.

Game seed: 6306248219094901491

506 funkygono the Conjurer (level 6, -2/47 HPs)
             Began as a Draconian Conjurer on June 22, 2019.
             Was an Initiate of Vehumet.
             Slain by a crimson imp
             ... wielding a +2 dagger of chaos
              (18 damage)
             ... on level 4 of the Dungeon.
             The game lasted 00:14:16 (4724 turns).

funkygono the Conjurer (Draconian Conjurer)         Turns: 4724, Time: 00:14:16

Health: -2/47      AC:  9    Str: 11    XL:     6   Next: 97%
Magic:  1/13       EV: 12    Int: 21    God:    Vehumet [......]
Gold:   136        SH:  2    Dex: 12    Spells: 9/15 levels left

rFire    . . .     SeeInvis .   g - +0 whip
rCold    . . .     Gourm    .   (no shield)
rNeg     . . .     Faith    .   (armour unavailable)
rPois    .         Spirit   .   (helmet restricted)
rElec    .         Reflect  +   p - +2 cloak
rCorr    .         Harm     .   (no gloves)
MR       .....                  (no boots)
Stlth    ++........             l - +2 amulet of reflection
HPRegen  0.15/turn              h - +5 ring of intelligence
MPRegen  0.13/turn              (no ring)

@: slowed, very slow
A: unfitting armour, cold-blooded, AC +6
a: Renounce Religion


You were on level 4 of the Dungeon.
You worshipped Vehumet.
Vehumet was noncommittal.
You were hungry.

You visited 2 branches of the dungeon, and saw 5 of its levels.

You collected 136 gold pieces.

Inventory:

Hand Weapons
 g - a +0 whip (weapon)
Missiles
 a - 201 stones (quivered)
Armour
 p - a +2 cloak (worn)
Jewellery
 e - an uncursed amulet of faith
 h - a +5 ring of intelligence (left hand)
 l - a +2 amulet of reflection (around neck)
Scrolls
 d - a scroll of enchant weapon {unknown}
 f - 7 scrolls of remove curse
 j - 4 scrolls of teleportation
 k - 2 scrolls of fog
Potions
 c - a potion of brilliance
 i - 2 potions of curing
 o - a potion of berserk rage {unknown}
 q - a potion of heal wounds {unknown}
 r - 2 potions of mutation
 s - 2 potions of lignification {unknown}
Comestibles
 b - 9 rations
 m - a chunk of flesh


   Skills:
 + Level 1.1 Fighting
 + Level 1.2 Maces & Flails
 + Level 2.3 Dodging
 + Level 2.8 Stealth
 * Level 5.1 Spellcasting
 + Level 5.3 Conjurations


You had 9 spell levels left.
You knew the following spells:

 Your Spells              Type           Power        Failure   Level  Hunger
a - Magic Dart            Conj           ####         1%          1    None
b - Searing Ray           Conj           ####..       1%          2    None
c - Dazzling Spray        Conj/Hex       ###...       11%         3    ##.....

Your spell library contained the following spells:

 Spells                   Type           Power        Failure   Level  Hunger
 Iskenderun's Mystic Bla  Conj           ####....     12%         4    ####...
 Force Lance              Conj/Tloc      ###.....     34%         4    ####...
 Fulminant Prism          Conj/Hex       ###.......   34%         4    ####...


Dungeon Overview and Level Annotations

Branches:
Dungeon (4/15)             Temple (1/1) D:4

Altars:
Ashenzari
Dithmenos
Gozag
Kikubaaqudgha
Makhleb
Nemelex Xobeh
Okawaru
Qazlal
Ru
Uskayaw
Vehumet
Wu Jian
Xom
Zin
The Shining One

Shops:
D:2 *

Annotations:
D:4 2 transporters


Innate Abilities, Weirdness & Mutations

Your plain brown scales are hard. (AC +6)
You cannot fit into any form of body armour.
You are cold-blooded and may be slowed by cold attacks.


Message History

The crimson imp is lightly wounded.
The crimson imp hits you but does no damage.
You are electrocuted!
You hit the crimson imp.
The crimson imp is lightly wounded.
The crimson imp shouts, "Give up, thou reeling-ripe hasty-witted wagtail!"
The crimson imp barely misses you.
You closely miss the crimson imp.
The crimson imp is lightly wounded.
You feel sick. You block the crimson imp's attack.
You miss the crimson imp. The crimson imp barely misses you.
You barely miss the crimson imp.
The crimson imp picks up a beetle and eats it.
The crimson imp hits you with a +2 dagger of chaos.
You feel yourself slow down.
You closely miss the crimson imp.
You feel sick.
You are no longer poisoned.
The crimson imp hits you but does no damage.
You are electrocuted!!
You die...

....## #.###._.### ....#
#.#.ยง...55# #### .####
##.####'#####.... ##
###...............
##...............#
#................##
##.................##
########...................#
........#.......@5.........#
.....####..................#
.....# #...................#
###..# #......>............#
#### #...................#
#.................###
#.......##8..8#### # ###
#.......#.....8 ## ..## #.


You could see a crimson imp.

Vanquished Creatures
  A sky beast (D:4)
  An ogre (D:4)
  A crimson imp (D:4)
  An orc wizard (D:4)
  A bullfrog skeleton (D:4)
  An orc priest (D:3)
  Jessica (D:2)
  Robin (D:2)
  3 adders
  A gnoll (D:1)
  5 dart slugs
  2 worms
  3 leopard geckos
  6 orcs
  6 giant cockroaches
  24 goblins
  8 hobgoblins
  2 ball pythons (D:1)
  9 bats
  5 frilled lizards
  9 kobolds
  5 rats
96 creatures vanquished.

Vanquished Creatures (others)
  An orc wizard (D:4)
1 creature vanquished.

Grand Total: 97 creatures vanquished

Notes
Turn   | Place    | Note
-------+----------+-------------------------------------------
     0 | D:1      | funkygono the Draconian Conjurer began the quest for the
                  | Orb.
     0 | D:1      | Reached XP level 1. HP: 14/14 MP: 3/3
   352 | D:1      | Reached XP level 2. HP: 15/20 MP: 1/5
   359 | D:1      | Learned a level 2 spell: Searing Ray
   867 | D:1      | Reached XP level 3. HP: 26/26 MP: 2/6
  1346 | D:1      | Learned a level 3 spell: Dazzling Spray
  1731 | D:2      | Noticed Jessica
  1738 | D:2      | Killed Jessica
  1738 | D:2      | Reached XP level 4. HP: 34/34 MP: 3/8
  1800 | D:2      | Noticed Robin
  1985 | D:2      | Killed Robin
  2269 | D:2      | Found Zin's Purification Station.
  2271 | D:2      | Found a glowing silver altar of Zin.
  2622 | D:3      | Reached XP level 5. HP: 39/39 MP: 0/10
  3276 | D:3      | Reached skill level 1 in Maces & Flails
  3588 | D:4      | Noticed an ogre
  3594 | D:4      | Killed an ogre
  3594 | D:4      | Reached skill level 5 in Conjurations
  3594 | D:4      | Reached XP level 6. HP: 20/46 MP: 4/12
  3655 | D:4      | Noticed a sky beast
  3681 | D:4      | Killed a sky beast
  3681 | D:4      | Reached skill level 1 in Fighting
  4131 | D:4      | Found a transporter.
  4345 | D:4      | Reached skill level 5 in Spellcasting
  4398 | D:4      | Found a staircase to the Ecumenical Temple.
  4404 | Temple   | Entered the Ecumenical Temple
  4419 | Temple   | Became a worshipper of Vehumet
  4636 | D:4      | Found a transporter.
  4645 | D:4      | Noticed a fire bat
  4645 | D:4      | Noticed a fire bat
  4680 | D:4      | Found a shimmering altar of Xom.
  4724 | D:4      | Slain by a crimson imp

Skill      XL: |  1  2  3  4  5  6 |
---------------+-------------------+-----
Stealth        | 2 |  2.8
Dodging        | 2 |  2.3
Spellcasting   | 3 4 5 |  5.1
Maces & Flails | 1 |  1.2
Conjurations   | 5 |  5.3
Fighting       | 1 |  1.1

Action                   |  1- 3 |  4- 6 || total
-------------------------+-------+-------++-------
Melee: Unarmed           |     5 |       ||     5
       Club              |     4 |       ||     4
       Whip              |    14 |    42 ||    56
       Tailslap          |     1 |     4 ||     5
 Cast: Magic Dart        |    56 |   126 ||   182
       Searing Ray       |     8 |     7 ||    15
       Dazzling Spray    |       |     1 ||     1
  Use: Scroll            |     5 |     7 ||    12
       Potion            |       |     1 ||     1
  Eat: Chunk             |     3 |     9 ||    12
Armor: Skin              |    10 |    21 ||    31
Dodge: Dodged            |    27 |    23 ||    50
Block: Other             |       |     3 ||     3
